Map: Interloper LE

Players

BackupA (Rob) - Winner!

  • Race: Protoss Protoss
  • Spawn Location: 5:00

Raze

  • Race: Terran Terran
  • Spawn Location: 11:00

Event: WCS Montreal 2017

VOD

Have the link to the VOD?

Description

Time

  • Played on: Sept. 8, 2017, 12:27 p.m.
  • Length: 25:25

All games in this series

Show
View Real Time Build Order
Export as new Build Order

BackupA Protoss - Winner!

Build Orders: 1 Gate Expand, Oracle Opening 

Get SALT Encoding   

  12  0:00  Probe (Chrono Boost)  
  13  0:11  Probe (Chrono Boost)  
  14  0:17  Pylon  
  14  0:22  Probe (Chrono Boost)  
  15  0:35  Probe (Chrono Boost)  
  16  0:36  Gateway  
  16  0:43  Assimilator  
  17  0:50  Probe (Chrono Boost)  
  17  1:00  Probe (Chrono Boost)  
  18  1:11  Probe (Chrono Boost)  
  19  1:24  Nexus  
  19  1:33  Cybernetics Core  
  19  1:35  Probe (Chrono Boost)  
  20  1:44  Assimilator  
  20  1:45  Probe (Chrono Boost)  
  21  1:50  Pylon  
  21  1:57  Probe (Chrono Boost)  
  22  2:08  Probe (Chrono Boost)  
  22  2:11  Warp Gate, Adept (Chrono Boost)  
  24  2:19  Probe  
  25  2:31  Mothership Core (Chrono Boost)  
  25  2:35  Probe  
  28  2:45  Stalker (Chrono Boost)  
  28  2:47  Probe (Chrono Boost)  
  31  2:52  Probe (Chrono Boost)  
  31  2:58  Probe (Chrono Boost)  
  33  3:03  Probe (Chrono Boost)  
  33  3:04  Stargate  
  34  3:08  Probe (Chrono Boost)  
  35  3:13  Probe (Chrono Boost)  
  35  3:19  Probe (Chrono Boost)  
  37  3:20  Stalker  
  37  3:24  Probe (Chrono Boost)  
  40  3:31  Probe (Chrono Boost)  
  41  3:39  Probe (Chrono Boost)  
  42  3:41  Probe (Chrono Boost)  
  42  3:45  Gateway  
  42  3:46  Gateway  
  43  3:49  Oracle (Chrono Boost)  
  46  3:56  Pylon  
  46  4:01  Pylon  
  46  4:12  Probe  
  46  4:14  Probe (Chrono Boost)  
  46  4:15  Robotics Facility  
  48  4:19  Assimilator  
  48  4:20  Stalker  
  48  4:21  Assimilator  
  50  4:24  Probe (Chrono Boost)  
  50  4:26  Probe (Chrono Boost)  
  52  4:35  Probe (Chrono Boost)  
  52  4:37  Probe (Chrono Boost)  
  52  4:46  Oracle (Chrono Boost)  
  52  4:51  Probe (Chrono Boost)  
  52  4:52  Probe (Chrono Boost)  
  57  5:01  Probe  
  57  5:02  Twilight Council  
  57  5:04  Zealot x2  
  57  5:05  Forge  
  62  5:07  Pylon  
  62  5:10  Pylon  
  62  5:24  Probe  
  62  5:25  Probe  
  62  5:27  Zealot x3  
  70  5:28  Immortal (Chrono Boost)  
  70  5:32  Protoss Ground Weapons Level 1 (Chrono Boost)  
  71  5:39  Charge (Chrono Boost)  
  71  5:43  Templar Archives  
  71  5:48  Stalker, Gateway  
  73  5:50  Gateway  
  73  5:52  Pylon  
  73  5:55  Probe x2  
  72  5:57  Stalker x2  
  74  6:10  Probe (Chrono Boost)  
  74  6:11  Probe (Chrono Boost)  
  71  6:22  Probe x2 (Chrono Boost)  
  70  6:29  Zealot x3  
  70  6:32  Probe x2 (Chrono Boost)  
  78  6:40  Psionic Storm  
  78  6:44  Probe x2 (Chrono Boost)  
  80  6:49  High Templar  
  80  6:50  High Templar  
  84  6:54  Zealot  
  84  6:58  Pylon  
  86  7:10  Pylon  
  86  7:12  Protoss Ground Armor Level 1 (Chrono Boost)  
  86  7:21  Immortal (Chrono Boost)  
  90  7:26  Nexus  
  90  7:29  Zealot x2  
  94  7:32  Probe  
  94  7:36  Pylon  
  95  7:38  High Templar x2  
  95  7:40  Probe  
  100  7:46  Probe  
  101  7:52  Probe  
  102  8:02  Zealot x3  
  102  8:04  Probe x2, Blink (Chrono Boost)  
  110  8:10  Photon Cannon  
  110  8:13  Pylon  
  110  8:17  Pylon  
  110  8:31  Probe x2, Immortal  
  110  8:33  High Templar, Pylon  
  118  8:36  Probe  
  118  8:37  High Templar  
  121  8:43  Probe x2  
  121  8:47  Probe, Stalker  
  125  8:53  Stalker  
  125  8:55  Probe  
  129  8:58  Pylon  
  129  9:02  Pylon  
  125  9:04  Pylon  
  125  9:06  Zealot x2  
  118  9:18  Observer (Chrono Boost)  
  118  9:22  Zealot x3  
  125  9:24  Probe  
  125  9:25  Pylon  
  125  9:26  Probe x2  
  125  9:27  Assimilator  
  125  9:28  Assimilator, Pylon  
  128  9:34  High Templar, Pylon  
  128  9:35  High Templar  
  129  9:41  Robotics Bay  
  126  9:47  Stalker x2  
  117  10:07  Stalker x3  
  121  10:19  Probe  
  121  10:20  Probe x2  
  122  10:28  Stalker x2  
  126  10:36  Stalker x2  
  126  10:37  Stalker  
  126  10:39  Probe  
  126  10:40  Probe  
  126  10:41  Probe  
  135  10:54  Observer (Chrono Boost)  
  133  11:01  Zealot x5  
  130  11:15  Pylon  
  130  11:16  Pylon  
  122  11:35  Zealot x3  
  122  11:36  Zealot x2  
  122  11:39  Colossus (Chrono Boost)  
  138  11:42  Robotics Facility, Gateway  
  138  11:43  Gateway  
  138  11:46  Gateway  
  138  11:49  Protoss Ground Weapons Level 2 (Chrono Boost)  
  138  11:51  Forge  
  138  11:57  High Templar x3  
  138  12:00  High Templar  
  146  12:01  Archon  
  146  12:08  Zealot  
  148  12:09  Protoss Ground Armor Level 2 (Chrono Boost)  
  146  12:18  Archon  
  146  12:28  Observer (Chrono Boost)  
  146  12:29  Colossus (Chrono Boost)  
  153  12:37  Nexus  
  128  12:53  Zealot x5  
  127  13:03  Probe  
  127  13:04  Probe  
  127  13:05  Probe  
  120  13:10  High Templar x2  
  120  13:12  High Templar  
  126  13:14  Zealot x5  
  136  13:30  Photon Cannon  
  136  13:32  Photon Cannon  
  132  13:41  Colossus (Chrono Boost)  
  139  13:42  Observer (Chrono Boost)  
  139  13:49  High Templar x4  
  139  13:50  High Templar, Probe x2  
  139  13:51  Probe  
  152  13:55  Archon x2  
  152  13:56  High Templar  
  152  13:59  Zealot  
  154  14:04  Probe  
  154  14:05  Probe  
  154  14:06  Probe, Archon  
  154  14:08  Stalker  
  156  14:18  Extended Thermal Lance  
  154  14:27  Stalker x2  
  154  14:28  Stalker x2  
  162  14:33  High Templar  
  162  14:37  Assimilator  
  162  14:38  Stalker, Pylon  
  166  14:40  Assimilator  
  166  14:45  Stalker x2  
  170  14:58  Stalker x3  
  174  15:01  Zealot x2  
  178  15:12  Zealot x3  
  170  15:26  Zealot x5  
  145  15:45  High Templar x3  
  145  15:47  High Templar, Zealot x3  
  152  15:50  Archon  
  120  16:13  Stalker x2  
  114  17:09  Zealot x3  
  90  17:42  Zealot x4  
  84  18:22  Nexus  
  72  18:51  Zealot x3  
  78  19:22  Zealot x2  
  74  20:26  Zealot x3  
  74  20:27  Nexus  
  76  20:57  Stalker x4  
  79  21:16  High Templar  
  79  21:29  Stalker x2  
  83  21:43  Zealot, Stalker  
  85  22:15  Zealot x5  
  95  22:21  Assimilator  
  95  22:23  Mothership Core (Chrono Boost)  
  95  22:25  Assimilator  
  97  22:30  High Templar, Pylon  
  87  22:56  Stalker x2  
  87  22:57  Zealot x2, Stalker x2  
  91  23:07  Probe (Chrono Boost)  
  91  23:08  Probe (Chrono Boost)  
  91  23:12  Zealot x2  
  97  23:25  High Templar, Zealot  
  97  23:26  Zealot  
  89  23:44  High Templar, Zealot x4  
  96  23:59  Zealot x2  
  100  24:07  High Templar x2  
  100  24:09  Probe (Chrono Boost)  
  105  24:19  Probe (Chrono Boost)  
  102  24:26  Zealot x2  
  102  24:27  Zealot  
  102  24:30  Probe (Chrono Boost)  
  109  24:32  Zealot  
  109  24:35  High Templar  
  107  24:52  Archon  
  83  25:05  Zealot x4  
Show
View Real Time Build Order
Export as new Build Order

Raze Terran 

Build Orders: Gas First Reaper Expand, Reaper Expand, MMM Bio, Banshee Rush 

Get SALT Encoding   

  12  0:00  SCV  
  13  0:12  SCV  
  14  0:17  Supply Depot  
  14  0:24  SCV  
  15  0:29  Refinery  
  15  0:38  SCV  
  16  0:45  Barracks  
  16  0:50  SCV  
  17  1:02  SCV  
  18  1:15  SCV  
  19  1:31  Orbital Command  
  19  1:32  Reaper  
  20  1:46  Command Center  
  20  1:56  Factory  
  20  2:01  SCV  
  21  2:06  Barracks Reactor  
  21  2:10  Refinery  
  21  2:13  SCV  
  22  2:18  Supply Depot  
  22  2:25  SCV  
  23  2:39  SCV  
  23  2:41  Starport  
  23  2:43  Widow Mine  
  23  2:44  Marine  
  26  2:46  Marine  
  28  2:51  SCV  
  29  3:02  Marine  
  29  3:04  Orbital Command, Marine  
  30  3:09  SCV  
  30  3:12  Factory Tech Lab  
  31  3:21  Marine x2, SCV  
  34  3:34  SCV  
  34  3:37  SCV  
  34  3:40  Cloaking Field  
  36  3:41  Banshee  
  36  3:43  Marine x2  
  36  3:46  SCV  
  42  3:49  Widow Mine  
  44  4:01  Supply Depot, SCV  
  44  4:02  SCV  
  46  4:17  Barracks  
  46  4:18  Barracks  
  46  4:22  Marine x2  
  46  4:23  SCV  
  46  4:24  Banshee  
  49  4:28  SCV  
  53  4:35  SCV  
  54  4:45  SCV  
  54  4:47  SCV  
  54  4:58  Factory Tech Lab  
  54  5:01  Engineering Bay  
  54  5:12  Marine x2, SCV x2  
  58  5:16  Starport Reactor  
  58  5:25  SCV x2  
  58  5:26  Combat Shields  
  58  5:28  Marine  
  60  5:30  Marine  
  60  5:34  Marine, Factory Reactor  
  60  5:35  Stimpack  
  62  5:41  Barracks  
  62  5:43  Barracks  
  62  5:44  SCV x2  
  62  5:46  Marauder x2  
  62  5:48  Marine  
  69  5:56  SCV  
  70  6:04  Supply Depot  
  70  6:05  Medivac, SCV  
  70  6:22  Refinery x2  
  70  6:25  Marine, Widow Mine x2  
  70  6:26  Medivac, SCV x2, Marauder x2  
  80  6:34  Barracks Reactor, Barracks Tech Lab  
  80  6:36  Command Center  
  80  6:38  Marine  
  81  6:41  SCV  
  81  6:43  Marine  
  81  6:46  Supply Depot  
  83  6:49  Marauder  
  83  6:53  Supply Depot  
  85  6:54  Supply Depot  
  85  6:55  Concussive Shells  
  85  6:57  Terran Infantry Weapons Level 1  
  87  7:08  Marauder  
  87  7:09  Marine x2  
  87  7:10  Marauder  
  87  7:11  Marauder  
  87  7:14  Widow Mine  
  95  7:20  SCV x2  
  95  7:21  Supply Depot x2  
  96  7:30  Widow Mine  
  96  7:31  Medivac x2  
  96  7:33  SCV x2  
  104  7:37  Supply Depot  
  103  7:45  SCV  
  103  7:47  Marine  
  103  7:53  SCV  
  103  7:57  Widow Mine  
  103  7:58  Liberator x2  
  104  7:59  Widow Mine  
  104  8:05  SCV  
  111  8:11  Orbital Command, SCV  
  112  8:16  Marine, Marauder x3  
  112  8:17  SCV  
  122  8:23  SCV  
  123  8:31  Marine x2  
  125  8:36  SCV x3  
  125  8:37  Marauder  
  125  8:38  Marauder  
  132  8:42  Missile Turret  
  132  8:47  Marine  
  132  8:48  SCV, Marauder  
  136  8:52  Terran Infantry Armor Level 1, SCV  
  136  8:55  Armory, Engineering Bay  
  137  9:05  Marine, Marauder  
  121  9:19  Marine, Widow Mine x2, Marauder x2  
  130  9:25  SCV x2  
  130  9:26  Marauder  
  130  9:28  Medivac x2  
  138  9:31  Barracks  
  138  9:32  Barracks, Marine x2  
  138  9:33  Barracks  
  138  9:34  SCV  
  138  9:37  SCV x2  
  143  9:39  Supply Depot  
  143  9:40  Marauder x2  
  147  9:46  SCV  
  147  9:47  Marine, Widow Mine  
  147  9:48  Widow Mine, Marauder  
  147  9:49  SCV  
  148  10:01  Marauder  
  148  10:02  Marauder  
  148  10:06  Medivac x2  
  152  10:07  Marine  
  152  10:09  Marauder  
  155  10:16  Widow Mine x2  
  155  10:17  Marine  
  155  10:18  Terran Infantry Weapons Level 2  
  158  10:23  Barracks Tech Lab x3, Marauder x2  
  160  10:31  Marauder  
  159  10:36  Medivac  
  159  10:38  Refinery  
  159  10:39  Refinery  
  159  10:41  Supply Depot x2  
  161  10:43  Marine, Marauder  
  161  10:46  Command Center  
  163  10:58  Marauder  
  163  11:02  Marine  
  166  11:05  Marine, Marauder x3  
  166  11:07  Liberator x2  
  142  11:23  Widow Mine x2  
  142  11:25  Marine  
  152  11:26  Marauder x2  
  154  11:41  Marine x4, Marauder x3  
  154  11:43  Marine  
  154  11:46  Marine  
  167  11:47  Marauder  
  168  11:59  Marine  
  168  12:00  Missile Turret, Marauder  
  171  12:07  Marine x3, Marauder x3  
  171  12:08  Marine, Marauder  
  179  12:11  Planetary Fortress  
  179  12:22  Terran Infantry Armor Level 2  
  179  12:30  Marine, Marauder  
  179  12:31  Marine x2, Marauder x4  
  190  12:40  Liberator  
  190  12:43  Marine, Marauder  
  174  12:55  Terran Infantry Weapons Level 3  
  174  12:56  Marine  
  174  12:57  Widow Mine x2, Marauder x2  
  157  13:15  Marine, Marauder x2  
  157  13:17  Marine, Marauder  
  157  13:18  Marine, Marauder  
  170  13:23  Liberator x2  
  170  13:27  Marine  
  170  13:28  Marauder x2  
  170  13:32  Marine  
  176  13:34  Marine  
  176  13:36  Marauder  
  176  13:40  Widow Mine x2  
  187  13:51  Marine  
  187  13:52  Marauder x2  
  187  13:54  Ghost Academy  
  192  13:56  Terran Ship Weapons Level 1  
  192  13:57  Refinery  
  192  13:58  Starport  
  192  13:59  Starport  
  192  14:04  Refinery  
  188  14:11  Liberator x2  
  192  14:39  Medivac x2  
  192  14:41  Terran Infantry Armor Level 3, Fusion Core  
  196  15:02  Supply Depot  
  196  15:18  Marine  
  196  15:22  Medivac  
  196  15:23  Medivac, Marauder  
  196  15:25  Starport Tech Lab, Medivac  
  185  15:33  Command Center  
  185  15:34  Marine  
  185  15:35  Marauder  
  168  15:44  Liberator x3  
  168  15:51  Missile Turret  
  168  15:52  Medivac  
  168  15:54  Marine, Marauder  
  161  16:05  Liberator  
  125  16:12  Marine, Marauder  
  125  16:15  Marine, Marauder x5  
  132  16:34  Marauder  
  132  16:36  Marauder  
  132  16:37  Marauder x4  
  142  16:42  Marine  
  144  16:53  Planetary Fortress  
  145  16:55  Marauder  
  145  16:58  Marauder x2  
  136  17:17  Marauder  
  136  17:19  Marauder x2  
  124  17:54  Marauder x3  
  94  18:11  Barracks Tech Lab  
  94  18:13  Barracks Tech Lab  
  94  18:15  Barracks Tech Lab  
  94  18:17  Barracks Tech Lab  
  92  18:21  Barracks Tech Lab  
  92  18:22  Marine  
  92  18:23  Marauder  
  82  18:47  Marauder x6  
  84  18:57  Command Center  
  84  18:58  Command Center  
  84  18:59  Factory  
  84  19:01  Barracks x2  
  84  19:02  Barracks  
  80  19:08  Marine x2  
  81  19:17  Marine  
  71  19:49  Marine x2  
  71  19:50  Marine  
  74  19:56  Starport, Factory Reactor  
  74  19:59  Barracks, Barracks Tech Lab  
  62  20:01  Barracks  
  46  20:15  Marine x4  
  46  20:17  Ghost  
  52  20:33  Marine x3  
  52  20:48  Ghost  
  48  20:51  Marine x4  
  48  20:54  Barracks  
  48  20:55  Barracks  
  48  20:56  Barracks  
  52  20:57  Barracks  
  52  20:58  Barracks  
  52  20:59  Barracks x2  
  41  21:17  Ghost  
  39  21:22  Marine  
  39  21:23  Marine  
  39  21:24  Marine  
  41  21:27  SCV x2  
  43  21:35  Marine  
  41  21:40  Marine  
  41  21:41  Marine  
  41  21:42  Marine  
  41  21:44  Marine  
  41  21:45  Marine x4  
  41  21:46  Marine  
  50  21:53  Marine  
  51  21:58  Marine x2  
  51  22:00  Marine  
  48  22:02  Marine x5  
  48  22:04  Marine  
  48  22:07  Marine x2  
  50  22:11  Marine  
  50  22:13  SCV x2  
  51  22:16  Marine x2  
  51  22:18  Marine  
  51  22:20  Marine x5  
  51  22:21  Marine  
  59  22:24  Marine  
  59  22:25  Marine, SCV  
  59  22:29  Marine  
  62  22:34  Marine x2  
  58  22:44  Marine x9  
  56  22:59  Marine x3  
  56  23:02  Marine x2  
  56  23:04  SCV  
  62  23:08  SCV  
  61  23:14  Marine  
  61  23:15  Marine  
  63  23:22  Marine  
  46  23:44  Marine x7  
  46  23:47  SCV  
  54  23:53  Marine x2  
  53  24:02  Marine x3  
  56  24:10  Marine x3  
  56  24:13  SCV  
  60  24:26  Marine  
  60  24:27  Marine x4  
  65  24:35  Marine  
  65  24:36  Marine x2  
  67  24:43  Marine  
  67  24:44  Marine x2  
  53  24:53  Marine  
  53  24:54  Marine x2  
  49  25:01  Factory  
Tags
 
Add a new tag
Caveats
  • Supply blocks, unpowered buildings, or Contaminate may cause inaccurate times.
  • Supply counts are checked every 10 seconds.